 Dungeon Crawl Stone Soup version 0.29.0-11-gd7f09526c8 (webtiles) character file.

Game seed: 16941709471885281386

76 RKaid the Gusty (level 4, 0/24 HPs)
             Began as a Tengu Air Elementalist on Sept 3, 2022.
             Slain by Pargi (7 damage)
             ... on level 3 of the Dungeon.
             The game lasted 00:09:26 (2844 turns).

RKaid the Gusty (Tengu Air Elementalist)            Turns: 2844, Time: 00:09:27

Health: 0/24       AC:  3    Str:  9    XL:     4   Next: 32%
Magic:  2/8        EV: 13    Int: 17    God:
Gold:   132        SH:  0    Dex: 14    Spells: 5/8 levels left

rFire   . . .      SeeInvis .   a - +0 dagger (venom)
rCold   . . .      Faith    .   (no shield)
rNeg    . . .      Spirit   .   e - +1 robe
rPois   .          Reflect  .   (helmet restricted)
rElec   .          Harm     .   (no cloak)
rCorr   .          Rampage  .   (no gloves)
Will    .....                   (boots unavailable)
Stlth   ++........              (no amulet)
HPRegen 0.08/turn               (no ring)
MPRegen 0.11/turn               (no ring)

@: no status effects
A: beak, talons 3
a: no special abilities


You were on level 3 of the Dungeon.
You visited 1 branch of the dungeon, and saw 3 of its levels.

You collected 132 gold pieces.

Inventory:

Hand Weapons
 a - a +0 dagger of venom (weapon)
   (You took it off a goblin on level 1 of the Dungeon)
Missiles
 i - 34 stones
 l - 5 curare-tipped darts (quivered)
Armour
 e - a +1 robe (worn)
Scrolls
 g - 2 scrolls of enchant weapon {unknown}
 h - a scroll of immolation {unknown}
 j - 3 scrolls of teleportation {unknown}
Potions
 b - a potion of magic
 d - a potion of flight {unknown}
 f - 2 potions of degeneration {unknown}
 k - a potion of berserk rage {unknown}
 m - a potion of ambrosia {unknown}
 n - a potion of cancellation {unknown}


   Skills:
 + Level 3.1 Dodging
 - Level 2.0 Stealth
 + Level 2.6 Spellcasting
 + Level 2.8 Conjurations
 + Level 4.8 Air Magic


You had 5 spell levels left.
You knew the following spells:

 Your Spells              Type           Power      Damage    Failure   Level
a - Shock                 Conj/Air       60%        1d6       3%          1
b - Static Discharge      Conj/Air       15%        3-5/arc   6%          2

Your spell library contained the following spells:

 Spells                   Type           Power      Damage    Failure   Level
 Swiftness                Air            18%        N/A       8%          3
 Slow                     Hex            8%         N/A       19%         1
 Airstrike                Air            9%         2d(2-18)  26%         4


Dungeon Overview and Level Annotations

Branches:
Dungeon (3/15)

Altars:

Shops:
D:1 (

Annotations:
D:3 Pargi


Innate Abilities, Weirdness & Mutations

You have a beak for a mouth.
You have claws for feet.


Message History

The zap misses the orc.
Casting: Shock (safe; 3% risk of failure)
Confirm with . or Enter, or press ? or * to list all spells.
Aiming: Shock (safe; 3% risk of failure)
Press: ? - help, Shift-Dir - straight line, f/p - orc
Aim: an orc, wielding a +0 trident and wearing a +0 leather armour (heavily wounded, 71% to hit)
The zap hits the orc.
The orc misses you.
Casting: Shock (safe; 3% risk of failure)
Confirm with . or Enter, or press ? or * to list all spells.
Aiming: Shock (safe; 3% risk of failure)
Press: ? - help, Shift-Dir - straight line, f/p - orc
Aim: an orc, wielding a +0 trident and wearing a +0 leather armour (severely wounded, 71% to hit)
The zap hits the orc.
You kill the orc!
Casting: Shock (safe; 3% risk of failure)
Confirm with . or Enter, or press ? or * to list all spells.
You can't see any susceptible monsters within range! (Use Z to cast anyway.)
You start resting.
Things that are here:
a +0 dagger; a goblin corpse A bat comes into view.
Casting: Shock (safe; 3% risk of failure)
Confirm with . or Enter, or press ? or * to list all spells.
Aiming: Shock (safe; 3% risk of failure)
Press: ? - help, Shift-Dir - straight line That beam is likely to hit you.
Continue anyway?
Okay, then.
The bat hits you but does no damage.
Things that are here:
a +0 dagger; a goblin corpse
Casting: Shock (safe; 3% risk of failure)
Confirm with . or Enter, or press ? or * to list all spells.
Aiming: Shock (safe; 3% risk of failure)
Press: ? - help, Shift-Dir - straight line The zap hits the bat.
You kill the bat!
You start resting.
There is an open door here.
Things that are here:
a +0 trident; a +0 leather armour You open the door.
There is an open door here.
Pargi the Meek comes into view.
Pargi shouts!
Press: ? - help, v - describe, . - travel A rock wall.
Unknown command.
Casting: Shock (safe; 3% risk of failure)
Confirm with . or Enter, or press ? or * to list all spells.
Aiming: Shock (safe; 3% risk of failure)
Press: ? - help, Shift-Dir - straight line, f - Pargi
Aim: Pargi (64% to hit)
The zap hits Pargi.
Casting: Shock (safe; 3% risk of failure)
Confirm with . or Enter, or press ? or * to list all spells.
Aiming: Shock (safe; 3% risk of failure)
Press: ? - help, Shift-Dir - straight line, f/p - Pargi
Aim: Pargi (64% to hit)
The zap hits Pargi.
You barely miss Pargi. Your kick misses Pargi. Pargi bites you.
Pargi claws you. Pargi closely misses you.
Casting: Shock (safe; 3% risk of failure)
Confirm with . or Enter, or press ? or * to list all spells.
Pargi is struck by an arc of lightning.
You are struck by an arc of lightning.
The lightning grounds out.
Pargi closely misses you. x2
Pargi barely misses you. Pargi barely misses you.
Pargi claws you but does no damage. Pargi claws you.
As you read the scroll labelled LUGABI POPUVA, it crumbles to dust.
It is a scroll of enchant armour.
Your +0 robe glows green for a moment.
Pargi bites you. Pargi closely misses you. Pargi claws you.
Pargi attacks as you move away! Pargi bites you but does no damage.
Pargi claws you but does no damage. Pargi closely misses you.
Casting: Static Discharge (safe; 6% risk of failure)
Confirm with . or Enter, or press ? or * to list all spells.
Aiming: Shock (safe; 3% risk of failure)
Press: ? - help, Shift-Dir - straight line, p - Pargi
Okay, then.
Casting: Shock (safe; 3% risk of failure)
Confirm with . or Enter, or press ? or * to list all spells.
Aiming: Shock (safe; 3% risk of failure)
Press: ? - help, Shift-Dir - straight line, f/p - Pargi
Aim: Pargi (lightly wounded, 64% to hit)
The zap hits Pargi.
Pargi bites you.
* * * LOW HITPOINT WARNING * * *
Pargi claws you but does no damage. x2
Casting: Shock (safe; 3% risk of failure)
Confirm with . or Enter, or press ? or * to list all spells.
Aiming: Shock (safe; 3% risk of failure)
Press: ? - help, Shift-Dir - straight line, f/p - Pargi
Aim: Pargi (lightly wounded, 64% to hit)
The zap hits Pargi.
Pargi bites you but does no damage. Pargi barely misses you.
Pargi closely misses you.
Casting: Shock (safe; 3% risk of failure)
Confirm with . or Enter, or press ? or * to list all spells.
Aiming: Shock (safe; 3% risk of failure)
Press: ? - help, Shift-Dir - straight line, f/p - Pargi
Aim: Pargi (moderately wounded, 64% to hit)
The zap hits Pargi.
Pargi bites you!
You die...

##.#.# #.# ##..#.###.##
##..)'.##.#.#
##....#...###.
##.....#..## ##
##.....##.## #
#.....###.. #
#..####+#######'#####.#
##.
#.........T@..........#
#..
########...............
#.## ################
##


You could see Pargi.

Vanquished Creatures
  3 adders (D:2)
  4 dart slugs
  An orc (D:3)
  2 ball pythons (D:2)
  4 endoplasms
  A giant cockroach (D:2)
  3 hobgoblins
  4 jackals (D:1)
  3 kobolds
  A quokka (D:2)
  5 bats
  2 frilled lizards
  4 goblins
  2 rats (D:1)
39 creatures vanquished.

Vanquished Creatures (others)
  6 plants
6 creatures vanquished.

Grand Total: 45 creatures vanquished

Notes
Turn   | Place    | Note
-------+----------+-------------------------------------------
     0 | D:1      | RKaid the Tengu Air Elementalist began the quest for the
                  | Orb.
     0 | D:1      | Reached XP level 1. HP: 10/10 MP: 4/4
    93 | D:1      | Found a faded altar of an unknown god.
   101 | D:1      | Got Plato's Book of Curses
   103 | D:1      | RKaid: !describe orc
   413 | D:1      | Reached XP level 2. HP: 15/15 MP: 3/6
   708 | D:1      | Found Ryac's Antique Weapon Shop.
   985 | D:1      | Reached skill level 2 in Conjurations
  1440 | D:2      | Reached XP level 3. HP: 19/19 MP: 1/7
  1494 | D:2      | Learned a level 2 spell: Static Discharge
  2261 | D:2      | Reached skill level 3 in Dodging
  2261 | D:2      | Reached XP level 4. HP: 24/24 MP: 5/8
  2829 | D:3      | Noticed Pargi
  2844 | D:3      | Slain by Pargi

Illustrated notes

Levels and vault maps discovered:
D:1:      amcnicky_arrival_double_pillar, layout_loops_ring, serial_shops, shop,
          shapermc_ecumenical_altar_rom_forum, chequers_serial_rivers_micro_a,
          kennysheep_small_spiral, minmay_misc_feat_nine_boxes,
          chequers_big_river, minmay_crystal_water
D:2:      layout_loops_ring, serial_forest, infiniplex_forest_end_double,
          infiniplex_forest_lined_3_way, infiniplex_forest_straight_5,
          infiniplex_forest_lined_3_way, infiniplex_forest_clump_long,
          infiniplex_forest_end_1, infiniplex_forest_lined_3,
          infiniplex_forest_clump_diagonal
D:3:      layout_loops_ring, lemuel_coloured_pillars_altar,
          minmay_quadrilaterals, uniq_pargi

Skill      XL: |  1  2  3 |
---------------+----------+-----
Conjurations   | 2 |  2.8
Dodging        | 3 |  3.1
Stealth        | |  2.0
Spellcasting   | |  2.6
Air Magic      | |  4.8

Action                   |  1- 3 |  4- 6 || total
-------------------------+-------+-------++-------
Melee: Dagger            |       |     1 ||     1
 Cast: Shock             |    71 |    23 ||    94
       Static Discharge  |       |     1 ||     1
  Use: Scroll            |       |     1 ||     1
Armor: Robe              |     2 |     7 ||     9
Dodge: Dodged            |     7 |    11 ||    18

Table legend: (Time is in decaauts)
 A = Elapsed time spent in this place.
 B = Non-inter-level travel time spent in this place.
 C = Inter-level travel time spent in this place.
 D = Time resting spent in this place.
 E = Time spent auto-exploring this place.
 F = Levels seen in this place.
 G = Mean time per level.
                   A        B        C        D        E       F      G
               +--------+--------+--------+--------+--------+-----+--------+
         Total |   2859 |   2830 |     29 |    908 |   1463 |   3 |  953.0 |
       Dungeon |   2859 |   2830 |     29 |    908 |   1463 |   3 |  953.0 |
               +--------+--------+--------+--------+--------+-----+--------+

Top non-repeatable levels by time:
     D:1: 1416 daAuts
     D:2: 1296 daAuts
     D:3: 146 daAuts

Table legend:
 A = Kills in this place as a percentage of kills in entire the game.
 B = Kills by you in this place as a percentage of kills by you in the entire game.
 C = Kills by friends in this place as a percentage of kills by friends in the entire game.
 D = Other kills in this place as a percentage of other kills in the entire game.
 E = Experience gained in this place as a percentage of experience gained in the entire game.
 F = Experience gained in this place divided by the number of levels of this place that you have seen.
                   A       B       C       D       E      F
               +-------+-------+-------+-------+-------+----------------------
         Total | 100.0 | 100.0 |   N/A |   N/A | 100.0 |  36.3
       Dungeon | 100.0 | 100.0 |   N/A |   N/A | 100.0 |  36.3
               +-------+-------+-------+-------+-------+----------------------
